AoeStats
← Mr. Penis

Nomad

503793834Analyzed
4v4 RM · 1mo ago on Sep 2, 2026· 42m 48s· 8 players
Game mode
Random Map
Map size
231×231
Population
200
Speed
Normal
Resources
Standard
Victory
Conquest
Starting age
Dark Age
Ending age
Imperial Age
RankedLock teamsTeams togetherTeam positionsShared explorationLock speedFull tech treeHidden civsTurbo modeCheats
Victory
Defeat
🇮🇩 Malay · Indonesia
1289
+14
🇯🇵 Koreans · Japan
1288
+14
🇨🇳 Bohemians · China
1257
+16
🇻🇳 Georgians · Vietnam
1206
+18
🇮🇩 Franks · Indonesia
1307
-18
🇪🇸 Ethiopians · Spain
1278
-17
🇫🇷 Persians · France
1237
-15
🇷🇺 Jurchens · Russia
1191
-13
长相犯罪
5:09 Loom
13:49 Feudal Age
15:23 Double-Bit Axe
19:35 Castle Age
17:20 Fishing Lines
18:07 Horse Collar
20:34 Wheelbarrow
20:03 Fletching
20:13 Padded Archer Armor
20:49 Bow Saw
20:46 Heavy Plow
21:55 Bodkin Arrow
23:24 Husbandry
27:18 Scale Barding Armor
35:04 Gillnets
39:17 Imperial Age
37:46 Hand Cart
38:10 Chain Barding Armor
38:02 Forging
40:24 Conscription
41:07 Chemistry
40:28 Ballistics
40:09 Bracer
40:46 Iron Casting
40:26 Leather Archer Armor
39:42 Cavalier
40:46 Wagenburg Tactics
nanakusa
5:28 Loom
13:32 Feudal Age
14:53 Wheelbarrow
14:23 Double-Bit Axe
18:11 Castle Age
16:37 Stone Mining
17:12 Gold Mining
17:40 Fishing Lines
19:13 Medium Warships
19:42 Bow Saw
20:31 Gillnets
22:05 Fletching
24:02 Bodkin Arrow
27:39 Horse Collar
32:46 Gold Shaft Mining
35:46 Imperial Age
34:39 Ballistics
36:37 Bracer
37:45 Chemistry
37:41 Conscription
41:44 Hand Cart
Behind You
4:25 Loom
13:51 Feudal Age
19:32 Fletching
30:16 Castle Age
35:23 Double-Bit Axe
38:30 Man-at-Arms
39:29 Long Swordsman
40:10 Demolition Ship
40:33 Fishing Lines
40:57 Horse Collar
41:17 Pikeman
42:30 Squires
Phu Thuy
6:22 Loom
13:53 Feudal Age
17:41 Castle Age
15:28 Double-Bit Axe
15:25 Horse Collar
16:32 Fishing Lines
19:19 Bow Saw
20:38 Wheelbarrow
24:54 Heavy Plow
25:19 Gold Mining
26:29 Scale Barding Armor
26:19 Town Watch
26:57 Hand Cart
27:56 Bloodlines
28:09 Chain Barding Armor
28:13 Husbandry
29:44 Forging
29:51 Town Patrol
29:53 Fletching
31:21 Iron Casting
32:16 Fletching
33:02 Bodkin Arrow
35:33 Murder Holes
35:20 Treadmill Crane
36:01 Ballistics
35:52 Masonry
36:30 Svan Towers
36:50 Guard Tower
38:23 Guard Tower
41:41 Imperial Age
41:51 Elite Monaspa
42:38 Aznauri Cavalry
43:10 Hoardings
42:56 Conscription
Aspirante
4:40 Loom
13:57 Feudal Age
17:38 Castle Age
30:03 Double-Bit Axe
34:38 Scale Mail Armor
36:32 Chain Mail Armor
36:28 Forging
Toubi
5:49 Loom
13:19 Feudal Age
15:41 Double-Bit Axe
23:47 Castle Age
28:22 Horse Collar
29:21 Heavy Plow
29:35 Bow Saw
29:55 Heavy Plow
32:00 Gold Mining
35:20 Fletching
40:17 Imperial Age
38:25 Wheelbarrow
38:06 Scale Barding Armor
38:12 Forging
38:06 Husbandry
42:03 Heavy Camel Rider
43:07 Chain Barding Armor
Hiwain
4:54 Loom
13:43 Feudal Age
17:34 Castle Age
16:34 Double-Bit Axe
18:26 Scale Barding Armor
18:40 Bow Saw
18:48 Husbandry
21:06 Fishing Lines
23:20 Wheelbarrow
25:24 Hand Cart
25:05 Gold Mining
27:29 Chain Barding Armor
27:36 Town Watch
33:18 Gold Shaft Mining
38:52 Imperial Age
37:58 Forging
38:35 Stone Mining
39:52 Iron Casting
39:06 Cavalier
41:39 Blast Furnace
41:25 Plate Barding Armor
41:44 Paladin
Mr. Penis
4:44 Loom
14:37 Feudal Age
19:19 Castle Age
17:10 Double-Bit Axe
17:06 Horse Collar
24:09 Gold Mining
28:44 Bow Saw
30:05 Heavy Plow
34:24 Fervor
34:35 Sanctity
35:01 Wheelbarrow
34:45 Town Watch
39:55 Hand Cart
39:40 Town Patrol
41:14 Gold Shaft Mining
40:33 Stone Mining
Connection lost

Rejoining the realm…

Still unreachable

The connection could not be restored.

Session expired

The server has moved on; the page needs a fresh start.